 Dungeon Crawl Stone Soup version 0.29-a0-1039-gfc20370e89 (webtiles) character file.

Game seed: 5098133747301675395

5044 Plasmagod the Severer (level 10, -25/88 HPs)
             Began as a Minotaur Berserker on Aug 15, 2022.
             Was an Elder of Trog.
             Annihilated by a two-headed ogre
             ... wielding a +0 giant spiked club
              (30 damage)
             ... on level 8 of the Dungeon.
             The game lasted 00:13:11 (8879 turns).

Plasmagod the Severer (Minotaur Berserker)          Turns: 8879, Time: 00:13:12

Health: -25/88     AC:  7    Str: 28    XL:     10   Next: 30%
Magic:  9/9        EV: 11    Int:  4    God:    Trog [****..]
Gold:   297        SH:  3    Dex: 14    Spells: 9/9 levels left

rFire   . . .      SeeInvis .   x - +7 war axe of Calamity {vorpal, Str+3 Dex+3}
rCold   . . .      Faith    .   a - +0 buckler
rNeg    + . .      Spirit   .   y - +3 leather armour {rPois}
rPois   +          Reflect  .   (helmet restricted)
rElec   .          Harm     .   (no cloak)
rCorr   .          Rampage  .   (no gloves)
Will    ++...                   p - +0 pair of boots
Stlth   +.........              (no amulet)
HPRegen 1.24/turn               b - ring of positive energy
MPRegen 0.11/turn               (no ring)

@: strong-willed (expiring), on berserk cooldown, regenerating (expiring),
slowed, very slow
A: horns 2, retaliatory headbutt
a: Renounce Religion, Berserk, Trog's Hand, Brothers in Arms


You were on level 8 of the Dungeon.
You worshipped Trog.
Trog was greatly pleased with you.
You visited 1 branch of the dungeon, and saw 8 of its levels.

You collected 518 gold pieces.
You spent 221 gold pieces at shops.

Inventory:

Hand Weapons
 v - a +7 club
 x - the +7 war axe of Calamity (weapon) {vorpal, Str+3 Dex+3}
   (You bought it in a shop on level 5 of the Dungeon)

   It inflicts extra damage upon your enemies.
   Str:       It affects your strength (+3).
   Dex:       It affects your dexterity (+3).
Missiles
 w - 2 throwing nets (quivered)
Armour
 a - a +0 buckler (worn)
 p - a +0 pair of boots (worn)
 y - a +3 leather armour of poison resistance (worn)
 D - a +0 plate armour
Jewellery
 b - a ring of positive energy (left hand)
Wands
 n - a wand of charming (10)
 t - a wand of roots (28)
 C - a wand of light (8)
 E - a wand of flame (25)
Scrolls
 c - a scroll of torment {unknown}
 e - 3 scrolls of poison
 f - 3 scrolls of teleportation
 i - 8 scrolls of identify
 m - 2 scrolls of vulnerability
 r - a scroll of brand weapon {unknown}
 B - a scroll of blinking
Potions
 d - a potion of attraction {unknown}
 g - 2 potions of haste {unknown}
 h - a potion of mutation {unknown}
 j - 3 potions of might
 k - 2 potions of flight {unknown}
 l - a potion of invisibility {unknown}
 o - 2 potions of heal wounds {unknown}
 q - a potion of cancellation {unknown}
 s - 2 potions of curing {unknown}
 u - 2 potions of lignification {unknown}
 z - a potion of degeneration {unknown}
 A - 2 potions of magic {unknown}


   Skills:
 + Level 7.6 Fighting
 - Level 16.8 Axes
 - Level 2.4 Armour
 - Level 2.1 Dodging


You had 9 spell levels left.
You didn't know any spells.
Your spell library was empty.

Dungeon Overview and Level Annotations

Branches:
Dungeon (8/15)             Temple (0/1) D:7
   Lair: D:8-11

Altars:
Dithmenos
Gozag
Hepliaklqana
Kikubaaqudgha
Okawaru
Ru
Sif Muna
Trog
Uskayaw
Xom

Shops:
D:3 =   D:5 (*(   D:6 :


Innate Abilities, Weirdness & Mutations

You have a pair of horns on your head.
You reflexively headbutt those who attack you in melee.


Message History

You slice Joseph!! You headbutt Joseph!
Joseph is severely wounded.
Joseph shouts, "Wow!"
Joseph zaps a wand.
The puff of flame hits you!
You hit Joseph.
Joseph is severely wounded.
Joseph barely misses you.
You slash Joseph!
You kill Joseph!
Trog accepts your kill.
Your Fighting skill increases to level 7!
A two-headed ogre comes into view.
It is wielding a +0 giant spiked club and a +0 giant club.
Items here: )) / [ †.
Items here: )) ††.
The two-headed ogre shouts in stereo!
The two-headed ogre barely misses you.
The two-headed ogre hits you but does no damage.
Items here: )) [ ††.
You completely miss the two-headed ogre.
You headbutt the two-headed ogre, but do no damage.
You feel the effects of Trog's Hand fading.
The two-headed ogre hits you with a +0 giant spiked club!
The two-headed ogre hits you with a +0 giant club!!
You hit the two-headed ogre.
The two-headed ogre is lightly wounded.
You hit the two-headed ogre.
The two-headed ogre is lightly wounded.
The two-headed ogre hits you with a +0 giant spiked club!
* * * LOW HITPOINT WARNING * * *
The two-headed ogre closely misses you.
You slash the two-headed ogre!
The two-headed ogre is moderately wounded.
You block the two-headed ogre's attack.
The two-headed ogre hits you with a +0 giant club!
* * * LOW HITPOINT WARNING * * *
The two-headed ogre attacks as you move away!
The two-headed ogre hits you with a +0 giant spiked club!
* * * LOW HITPOINT WARNING * * *
The two-headed ogre hits you with a +0 giant club!!
You die...

..........#.###...##
...##
.............##....##
...
...........##.......##..
........................
.........##........#....
...#..........##........
..##........#.##.#......
..............##O###...#
..#..........#@)###..#
#.....#.##)).##...
........#)...#
?........._#
.....##........ ....
#.....#.. ... ...##....
.. #!#. .... . .##.. ...


You could see a two-headed ogre.

Vanquished Creatures
  Joseph (D:8)
  Sigmund (D:4)
  A steam dragon (D:7)
  An acid dragon (D:8)
  A water moccasin (D:7)
  Duvessa (D:5)
  6 sky beasts
  4 orc warriors
  3 ice beasts
  4 black bears
  3 ogres
  6 centaurs
  2 phantoms
  4 bullfrogs
  4 kobold brigands
  A necrophage (D:6)
  2 scorpions
  Dowan (D:5)
  A howler monkey (D:8)
  A jelly (D:5)
  4 hounds
  2 gnoll boudas
  2 orc priests
  8 iguanas
  Jessica (D:3)
  6 orc wizards
  6 adders
  8 gnolls
  3 white imps
  2 ufetubi
  2 dart slugs
  19 orcs
  7 bats
  5 endoplasms
  5 giant cockroaches
  7 goblins
  7 hobgoblins
  12 jackals (D:3)
  4 quokkas
  3 ball pythons
  4 frilled lizards
  22 kobolds
  2 rats
189 creatures vanquished.

Notes
Turn   | Place    | Note
-------+----------+-------------------------------------------
     0 | D:1      | Plasmagod the Minotaur Berserker began the quest for the
                  | Orb.
     0 | D:1      | Reached XP level 1. HP: 19/19 MP: 0/0
    81 | D:1      | Reached skill level 4 in Axes
   318 | D:1      | Reached XP level 2. HP: 17/26 MP: 1/1
   912 | D:1      | Reached skill level 5 in Axes
  1037 | D:1      | Found a faded altar of an unknown god.
  1288 | D:2      | Reached XP level 3. HP: 28/31 MP: 2/2
  1797 | D:2      | Reached ** piety under Trog
  2011 | D:3      | Found a hide-covered altar of Uskayaw.
  2016 | D:3      | Found Voaraf's Jewellery Shoppe.
  2030 | D:3      | Found a shadowy altar of Dithmenos.
  2121 | D:3      | Reached skill level 6 in Axes
  2121 | D:3      | Reached XP level 4. HP: 39/39 MP: 3/3
  2206 | D:3      | Reached XP level 5. HP: 34/45 MP: 4/4
  2315 | D:3      | Found a bloodstained altar of Trog.
  2327 | D:3      | Reached skill level 7 in Axes
  2975 | D:3      | Noticed Jessica
  2985 | D:3      | Found a shimmering blue altar of Sif Muna.
  2992 | D:3      | Killed Jessica
  3337 | D:4      | Noticed Sigmund
  3338 | D:4      | Found a sacrificial altar of Ru.
  3348 | D:4      | Killed Sigmund
  3349 | D:4      | Reached skill level 8 in Axes
  3349 | D:4      | Reached XP level 6. HP: 51/51 MP: 5/5
  3507 | D:4      | Reached skill level 9 in Axes
  3682 | D:4      | Reached *** piety under Trog
  3690 | D:4      | Reached XP level 7. HP: 13/57 MP: 6/6
  3694 | D:4      | Reached skill level 10 in Axes
  4311 | D:5      | Entered Level 5 of the Dungeon
  4563 | D:5      | Found Gerovoom's Antique Weapon Boutique.
  4593 | D:5      | Found Nezyrusi's Neck Hole.
  4605 | D:5      | Reached skill level 11 in Axes
  4868 | D:5      | Found a hazy altar of Hepliaklqana.
  4869 | D:5      | Found a shimmering altar of Xom.
  4870 | D:5      | Noticed a spectral ugly thing
  4886 | D:5      | Reached XP level 8. HP: 64/64 MP: 7/7
  5032 | D:5      | Noticed Dowan
  5033 | D:5      | Noticed Duvessa
  5041 | D:5      | Killed Duvessa
  5041 | D:5      | Killed Dowan
  5042 | D:5      | Reached skill level 12 in Axes
  5362 | D:5      | Found Zeddet's Antique Weapon Shop.
  5370 | D:5      | Bought a steaming war axe for 221 gold pieces
  5370 | D:5      | Identified the +7 war axe of Calamity {vorpal, Str+3 Dex+3}
                  | (You bought it in a shop on level 5 of the Dungeon)
  5755 | D:6      | Reached skill level 13 in Axes
  6018 | D:6      | Found Hilualen's Book Boutique.
  6125 | D:6      | Reached skill level 14 in Axes
  6261 | D:6      | Found an opulent altar of Gozag.
  6279 | D:6      | Reached XP level 9. HP: 68/70 MP: 8/8
  6589 | D:6      | Found an ancient bone altar of Kikubaaqudgha.
  6648 | D:6      | Reached **** piety under Trog
  6760 | D:6      | Found an iron altar of Okawaru.
  7277 | D:7      | Reached skill level 15 in Axes
  7830 | D:7      | Reached skill level 16 in Axes
  8271 | D:7      | Found a staircase to the Ecumenical Temple.
  8815 | D:8      | Reached XP level 10. HP: 80/80 MP: 9/9
  8829 | D:8      | Reached skill level 5 in Fighting
  8846 | D:8      | Found a hazy altar of Hepliaklqana.
  8864 | D:8      | Noticed Joseph
  8871 | D:8      | Killed Joseph
  8872 | D:8      | Noticed a two-headed ogre
  8879 | D:8      | Annihilated by a two-headed ogre

Illustrated notes

Levels and vault maps discovered:
D:1:      mrwooster_arrival_statue_2, layout_loops_ring,
          dreamdust_ecumenical_altar_hidden_monk_grotto, st_stairs_7,
          amcnicky_mini_rare_corridor_liquid
D:2:      layout_basic, mrwooster_statue_mirror
D:3:      layout_basic, tgw_sif, mainiacjoe_overflow_catwalk,
          mainiacjoe_overflow_catch_the_wave, serial_shops,
          nicolae_shop_hallway_plus
D:4:      layout_loops_cross, nicolae_ru_awakened_eye, uniq_sigmund
D:5:      layout_gridville, regret_index_temple_of_mockery, serial_shops,
          nicolae_diamond_shop, shop, nicolae_shop_sticking_my_neck_out,
          uniq_duvessa
D:6:      layout_basic, lemuel_doored_altar,
          nicolae_gozag_cash_rules_everything_around_me,
          kiku_gazebo_pond_becter, serial_shops, shop
D:7:      layout_rooms, minmay_temple_entry_fiery, minmay_increasing_density
D:8:      layout_cave_pools, fedhas_altar_1, minmay_ruined_shrine, uniq_joseph

Skill      XL: |  1  2  3  4  5  6  7  8  9 10 |
---------------+-------------------------------+-----
Axes           | 4 5 6 8 9 11 14 16 | 16.8
Fighting       | 4 7 |  7.6
Armour         | |  2.4
Dodging        | |  2.1

Action                   |  1- 3 |  4- 6 |  7- 9 | 10-12 || total
-------------------------+-------+-------+-------+-------++-------
Melee: Hand axe          |    89 |    34 |       |       ||   123
       Headbutt          |    14 |     7 |    37 |     4 ||    62
       Club              |       |    37 |    67 |       ||   104
       Punch             |       |       |     1 |       ||     1
       War axe           |       |       |   139 |    24 ||   163
Invok: Berserk           |       |     2 |     8 |     1 ||    11
       Trog's Hand       |       |       |       |     1 ||     1
  Use: Scroll            |       |    11 |       |       ||    11
 Stab: Sleeping          |       |       |     2 |       ||     2
Armor: Animal skin       |    17 |    15 |    10 |       ||    42
       Leather armour    |       |       |    29 |     7 ||    36
Dodge: Dodged            |    61 |    47 |    95 |    11 ||   214
Block: Buckler           |       |       |    13 |     5 ||    18

Table legend: (Time is in decaauts)
 A = Elapsed time spent in this place.
 B = Non-inter-level travel time spent in this place.
 C = Inter-level travel time spent in this place.
 D = Time resting spent in this place.
 E = Time spent auto-exploring this place.
 F = Levels seen in this place.
 G = Mean time per level.
                   A        B        C        D        E       F      G
               +--------+--------+--------+--------+--------+-----+--------+
         Total |   8944 |   8602 |    342 |    898 |   6707 |   8 | 1118.0 |
       Dungeon |   8944 |   8602 |    342 |    898 |   6707 |   8 | 1118.0 |
               +--------+--------+--------+--------+--------+-----+--------+

Top non-repeatable levels by time:
     D:6: 1557 daAuts
     D:3: 1396 daAuts
     D:7: 1326 daAuts
     D:5: 1267 daAuts
     D:4: 1176 daAuts
     D:1: 1081 daAuts
     D:2: 837 daAuts
     D:8: 300 daAuts
